[Event "Orsha A 2021"]
[Site "Orsha"]
[Date "2021.04.09"]
[Round "7.6"]
[White "Klachkou, Platon"]
[Black "Siniauski, Artsiom"]
[Result "0-1"]
[ECO "C12"]
[WhiteElo "1756"]
[BlackElo "2277"]
[Annotator "NA"]
[PlyCount "65"]
[EventDate "2021.04.06"]
[EventType "swiss"]
[EventCountry "BLR"]
[SourceTitle "playchess.com"]
[Source "ChessBase"]
[SourceQuality "1"]
[TimeControl "5400+30"]

1. e4 e6 2. d4 d5 3. Nc3 Nf6 4. Bg5 Bb4 5. e5 h6 6. exf6 hxg5 7. fxg7 Rg8 8. a3 Bxc3+ 9. bxc3 Qf6 10. c4 Qxg7 11. cxd5 exd5 12. Bd3 Nc6 13. Ne2 Be6 14. c3 {[%emt 0:00:00] [#]} O-O-O $1 15. Rb1 Rd6 16. Qa4 Qh6 17. Ng3 g4 18. Qd1 Re8 19. Kf1 Kb8 20. Qc1 Qh8 21. Ne2 Na5 22. Nf4 Nc4 23. g3 $15 Qf6 24. Kg2 Bf5 25. Bxf5 Qxf5 26. Re1 Rh8 27. Qd1 Rdh6 28. h4 gxh3+ 29. Kh2 Re6 30. Rxe6 fxe6 31. Qe1 e5 32. dxe5 Nxe5 33. Qd1 0-1

[Event "Orsha A 2021"]
[Site "Orsha"]
[Date "2021.04.09"]
[Round "7.7"]
[White "Ulasevich, Sergei"]
[Black "Klachkou, Tsimafei"]
[Result "1-0"]
[ECO "B31"]
[WhiteElo "2170"]
[BlackElo "1992"]
[Annotator "NA"]
[PlyCount "108"]
[EventDate "2021.04.06"]
[EventType "swiss"]
[EventCountry "BLR"]
[SourceTitle "playchess.com"]
[Source "ChessBase"]
[SourceQuality "1"]
[TimeControl "5400+30"]

1. e4 c5 2. Nf3 Nc6 3. Bb5 g6 4. O-O Bg7 5. c3 d5 6. Qa4 Qd6 7. d4 dxe4 8. dxc5 Qxc5 9. Be3 Qd6 10. Rd1 Qc7 {[%emt 0:01:00] [#]} 11. Qxe4 (11. Bf4 $1 $16 Qb6 (11... e5 12. Nxe5) 12. Nd4 Bxd4 13. cxd4) 11... Nf6 12. Qe5 Qxe5 13. Nxe5 Bd7 14. Nxd7 Nxd7 15. Bxc6 bxc6 16. Nd2 Be5 17. a4 a6 18. Nc4 Bc7 19. b4 Ne5 20. Nd2 Ng4 21. Nf3 $11 (21. Bd4 $5 Bxh2+ 22. Kf1 $14) 21... Nxe3 22. fxe3 e5 23. e4 Ke7 24. Kf2 f5 25. Nd2 Bb6+ 26. Ke2 Rhd8 27. Nc4 Bc7 28. h3 f4 29. Rxd8 Rxd8 30. Rd1 Rxd1 31. Kxd1 g5 32. Ke2 h5 33. Kf3 Ke6 34. g4 h4 35. Ke2 Bd8 36. Kd3 Bf6 37. Nd2 Kd6 38. Kc4 Be7 39. Kb3 Bd8 40. Nf3 Bf6 41. Nd2 Bd8 42. Ka3 Kd7 43. Kb2 Ke6 44. Kc2 Kd7 45. Nb3 Bb6 46. Kd3 Kd6 47. c4 Bd8 48. a5 Be7 49. Nd2 Ke6 50. Kc3 Bd8 51. Kb3 c5 52. b5 axb5 53. a6 bxc4+ 54. Nxc4 Bb6 1-0

[Event "Orsha A 2021"]
[Site "Orsha"]
[Date "2021.04.09"]
[Round "7.8"]
[White "Spizharny, Mikhail"]
[Black "Bugaev, Anton"]
[Result "1/2-1/2"]
[ECO "A34"]
[WhiteElo "2153"]
[BlackElo "1748"]
[Annotator "NA"]
[PlyCount "132"]
[EventDate "2021.04.06"]
[EventType "swiss"]
[EventCountry "BLR"]
[SourceTitle "playchess.com"]
[Source "ChessBase"]
[SourceQuality "1"]
[TimeControl "5400+30"]

1. e4 c5 2. Nf3 e6 3. c4 Nc6 4. Be2 Nf6 5. Nc3 d5 6. exd5 exd5 7. d4 cxd4 {[%emt 0:08:55] seems to push 7...Be6 aside.} 8. Nxd4 dxc4 9. Nxc6 Qxd1+ 10. Nxd1 bxc6 11. Bxc4 Bb4+ 12. Bd2 Bxd2+ 13. Kxd2 O-O 14. Ne3 Rd8+ 15. Ke2 Rb8 16. b3 Ne4 {[%emt 0:01:47] [#]} 17. Rhc1 $146 ({Predecessor:} 17. Nd1 Bf5 18. f3 Nd2 19. Ne3 Nxc4 20. Nxc4 Bd3+ 21. Ke3 Bxc4 22. bxc4 Rb2 23. Rad1 {½-½ (70) Berke,A (2171)-Turk,T (1991) Sibenik 2016}) 17... Rd2+ 18. Ke1 $1 Rd6 19. Rd1 Kf8 20. f3 $18 Rxd1+ 21. Rxd1 Nf6 {[%emt 0:00:28] [#]} 22. Rd8+ $1 Ke7 23. Rh8 g6 24. Ba6 Ne8 25. Bxc8 Rxc8 26. Rxh7 Nd6 27. Rh4 Kf6 28. Ra4 Nb5 29. Ra6 Ke6 30. Kd2 Rc7 31. Kc2 Ke5 32. Ra4 f5 33. Rh4 g5 34. Nc4+ Kd5 35. Rh6 Re7 36. Kd3 Kc5 37. Rg6 Rd7+ 38. Kc2 Nd4+ 39. Kc1 Re7 40. Rxg5 Re2 41. Kd1 Rxa2 42. h4 Nxb3 43. Ne3 Kd4 44. Nxf5+ Kd3 45. Ke1 c5 46. Nd6 Re2+ 47. Kf1 Nd2+ 48. Kg1 Re6 49. Nb7 Re1+ 50. Kh2 c4 51. Rd5+ Kc2 52. h5 c3 53. Nd6 Kb2 54. Nb5 Nf1+ 55. Kh3 c2 56. Rc5 c1=Q 57. Rxc1 Rxc1 58. Nxa7 Ne3 59. g4 Kc3 60. Nc6 Kc4 61. Ne7 Kc5 62. Kh4 Kd6 63. Ng6 Ke6 64. Kg5 Rc5+ 65. Kf4 Nd5+ 66. Kg5 Ne3+ 1/2-1/2

[Event "Orsha A 2021"]
[Site "Orsha"]
[Date "2021.04.11"]
[Round "9.3"]
[White "Zarubitski, Viachaslau"]
[Black "Siniauski, Artsiom"]
[Result "*"]
[ECO "A00"]
[WhiteElo "2456"]
[BlackElo "2277"]
[Annotator "RC"]
[PlyCount "53"]
[EventDate "2021.04.06"]
[EventType "swiss"]
[EventCountry "BLR"]
[SourceTitle "playchess.com"]
[Source "ChessBase"]
[SourceQuality "1"]
[TimeControl "5400+30"]

1. g3 e6 2. Bg2 c5 3. d3 Nc6 4. Nd2 d6 5. c3 g6 6. a4 Bg7 7. a5 Nge7 8. Qa4 Rb8 9. Qf4 e5 10. Qa4 O-O 11. e4 b5 12. axb6 axb6 13. Ngf3 Bd7 14. Qc2 b5 15. Nf1 Ra8 16. Rxa8 Qxa8 17. Ne3 Rc8 18. Nd2 Be6 19. O-O Qa2 20. f4 Bh6 21. Qd1 c4 22. dxc4 Qa7 23. Qe2 bxc4 24. Kh1 Na5 25. Ng4 Bxg4 26. Qxg4 Rd8 27. Qh4 *

[Event "Orsha A 2021"]
[Site "Orsha"]
[Date "2021.04.11"]
[Round "9.4"]
[White "Apryshko, Gleb"]
[Black "Vashchilov, Sergey"]
[Result "*"]
[ECO "C07"]
[WhiteElo "2391"]
[BlackElo "2172"]
[Annotator "RC"]
[PlyCount "45"]
[EventDate "2021.04.06"]
[EventType "swiss"]
[EventCountry "BLR"]
[SourceTitle "playchess.com"]
[Source "ChessBase"]
[SourceQuality "1"]
[TimeControl "5400+30"]

1. e4 e6 2. d4 d5 3. Nd2 c5 4. exd5 Qxd5 5. Ngf3 cxd4 6. Bc4 Qd8 7. O-O Nc6 8. Nb3 a6 9. a4 Be7 10. Qe2 Bf6 11. Rd1 Nge7 12. c3 O-O 13. Nbxd4 Nxd4 14. Nxd4 Qc7 15. a5 e5 16. Nc2 h5 17. Be3 Bg4 18. f3 Bf5 19. Bb6 Qc6 20. Nb4 Qc8 21. Nd5 Nxd5 22. Bxd5 h4 23. Qe3 *